 Dungeon Crawl Stone Soup version 0.31-a0-840-g6d2ecbb638 (webtiles) character file.

Game seed: 10263837550429534014

15389 Essalna the Destroyer (level 12, -2/77 HPs)
             Began as a Gargoyle Fire Elementalist on Sept 27, 2023.
             Was an Elder of Vehumet.
             Killed by divine providence
             ... invoked by Saint Roka
              (11 damage)
             ... on level 1 of the Orcish Mines.
             The game lasted 00:28:56 (15529 turns).

Essalna the Destroyer (Gargoyle Fire Elementalist) Turns: 15529, Time: 00:28:56

Health: -2/77      AC: 16    Str: 13    XL:     12   Next: 26%
Magic:  20/28      EV: 18    Int: 20    God:    Vehumet [****..]
Gold:   492        SH:  0    Dex: 10    Spells: 8/21 levels left

rFire   + . .        G - staff of fire
rCold   . . .        (no shield)
rNeg    + . .        s - +0 steam dragon scales
rPois   ∞            v - +0 helmet
rElec   +            (no cloak)
rCorr   .            (no gloves)
SInv    .            (no boots)
Will    .....        a - amulet of regeneration
Stlth   ++           y - +5 ring of evasion
HPRegen 1.12/turn    J - ring of magical power
MPRegen 0.21/turn

%: no passive effects
@: about to teleport
A: sickness immunity, AC +8, negative energy resistance 1, electricity
resistance, torment resistance 1, petrification resistance
a: Renounce Religion


You were on level 1 of the Orcish Mines.
You worshipped Vehumet.
Vehumet was greatly pleased with you.
You visited 2 branches of the dungeon, and saw 12 of its levels.
You also visited: Ossuary.

You collected 1263 gold pieces.
You spent 771 gold pieces at shops.

Inventory:

Hand Weapons
 d - a +3 dagger of electrocution
 E - a +1 spectral quarterstaff
 H - the +5 Force Lance {heavy, knockback}
   (You found it on level 10 of the Dungeon)
Armour
 s - +0 steam dragon scales (worn)
 v - a +0 helmet (worn)
Magical Staves
 e - a staff of conjuration
 G - a staff of fire (weapon)
Jewellery
 a - an amulet of regeneration (around neck)
 i - a +6 ring of strength
 x - an amulet of faith
 y - a +5 ring of evasion (left hand)
 D - a ring of positive energy
 F - a ring of fire
 J - a ring of magical power (right hand)
Wands
 A - a wand of paralysis (10)
Scrolls
 c - 2 scrolls of vulnerability
 f - a scroll of amnesia
 g - 2 scrolls of fog
 k - 3 scrolls of teleportation
 p - 12 scrolls of identify
 w - 3 scrolls of enchant armour
 z - a scroll of revelation
 I - a scroll of brand weapon
Potions
 b - a potion of magic
 h - 3 potions of curing
 j - 2 potions of mutation {unknown}
 l - 2 potions of degeneration {unknown}
 m - 2 potions of haste {unknown}
 n - a potion of enlightenment {unknown}
 o - 2 potions of ambrosia {unknown}
 q - a potion of brilliance {unknown}
 t - 2 potions of heal wounds {unknown}
 u - 2 potions of attraction {unknown}
 B - a potion of might {unknown}
 C - a potion of berserk rage {unknown}


   Skills:
 + Level 9.9 Fighting
 + Level 5.3 Armour
 + Level 4.4 Dodging
 - Level 2.1 Stealth
 - Level 5.0 Spellcasting
 + Level 11.3 Conjurations
 + Level 10.7 Fire Magic
 + Level 5.3 Earth Magic


You had 8 spell levels left.
You knew the following spells:

 Your Spells              Type           Power      Damage    Failure   Level
a - Foxfire               Conj/Fire      100%       2x1d9     1%          1
b - Scorch                Fire           100%       2d9       1%          2
c - Flame Wave            Conj/Fire      65%        2d15      1%          4
d - Bombard               Conj/Erth      19%        9d4       16%         6

Your spell library contained the following spells:

 Spells                   Type           Power      Damage    Failure   Level
 Frozen Ramparts          Ice            10%        1d2       10%         3
 Inner Flame              Hex/Fire       39%        N/A       1%          3
 Volatile Blastmotes      Fire/Tloc      78%        2d16      1%          3
 Lee's Rapid Deconstruct  Erth           13%        3d9*      10%         5
 Call Canine Familiar     Summ           5%         N/A       34%         3
 Sigil of Binding         Hex            5%         N/A       34%         3
 Tukima's Dance           Hex            5%         N/A       34%         3
 Leda's Liquefaction      Hex/Erth       7%         N/A       36%         4
 Yara's Violent Unravell  Hex/Tmut       2%         3d3       58%         5
 Anguish                  Hex/Necr       2%         N/A       75%         4
 Cause Fear               Hex            2%         N/A       75%         4
 Dimensional Bullseye     Hex/Tloc       2%         N/A       75%         4
 Passage of Golubria      Tloc           5%         N/A       75%         4
 Enfeeble                 Hex            2%         N/A       100%        7


Dungeon Overview and Level Annotations

Branches:
Dungeon (10/15)            Temple (0/1) D:6             Orc (2/2) D:9
Ossuary (visited)
   Lair: D:8-11         Elf: Orc:2

Altars:
Fedhas
Hepliaklqana
Qazlal
Sif Muna
Trog
Uskayaw
Vehumet
Xom
Zin

Shops:
D:1 *   D:2 :   Orc:2 =*

Annotations:
Orc:1 Saint Roka


Innate Abilities, Weirdness & Mutations

You are immune to sickness and miasma.
Your stone body is resilient. (AC +8)
You are immune to poison.
You resist negative energy. (rN+)
You are resistant to electric shocks. (rElec)
You are resistant to unholy torment.
You are immune to petrification.


Message History

The foxfire hits Saint Roka but does no damage.
Saint Roka is lightly wounded.
The orc priest invokes the aid of Beogh against you.
Beogh smites you!
Casting: Foxfire (safe; 1% risk of failure)
Confirm with . or Enter, or press ? or * to list all spells.
You feel a surge of power!
You conjure some foxfire!
The foxfire hits Saint Roka.
Saint Roka is lightly wounded.
The foxfire hits the orc warrior but does no damage.
The orc warrior is moderately wounded.
Casting: Foxfire (safe; 1% risk of failure)
Confirm with . or Enter, or press ? or * to list all spells.
You feel a surge of power!
You conjure some foxfire!
The foxfire hits Saint Roka.
Saint Roka is lightly wounded.
The foxfire hits Saint Roka but does no damage.
Saint Roka is lightly wounded.
The orc priest calls upon Beogh to heal Saint Roka.
Saint Roka is healed somewhat.
Your foxfire dissipates!
Saint Roka attacks as they pursues you!
Saint Roka hits you with a +1 battleaxe of electrocution!!
There is a stone staircase leading up here.
Saint Roka mumbles some strange prayers to Beogh against you.
Beogh smites you!
* * * LOW HITPOINT WARNING * * *
You climb upwards.
There is a stone staircase leading down here.
Okay, then.
As you read the scroll of teleportation, it crumbles to dust.
You feel strangely unstable.
Saint Roka calls down the wrath of Beogh upon you.
Beogh smites you!
* * * LOW HITPOINT WARNING * * *
Saint Roka attacks as they pursues you! Saint Roka barely misses you.
Saint Roka calls down the wrath of Beogh upon you.
Beogh smites you!
You die...
Saint Roka roars, "Praise to Beogh!"

### #.#### ######### ###...#
##..#....# ##.....##
#........###.......#
#.o.@....#.........##
####.>.##.........##...#
#.#....##........####...
##..^..####......# ###.. ###
###....##.......###.... ##.#
##....#....^....#..... ##.##
#.....#....##...#).... ##...##
##.#.....#.##.....####
#.....######....######......##


You could see Saint Roka.

Vanquished Creatures
  A two-headed ogre (D:8)
  An orc high priest (Orc:2)
  5 orc sorcerers
  An orc knight (Orc:2)
  Psyche (D:8)
  A troll (Orc:1)
  A hornet (D:9)
  A wraith (D:10)
  15 yaks
  A wyvern (D:8)
  2 steam dragons
  5 wargs
  Menkaure (D:7)
  An acid dragon (D:9)
  A black bear (D:5)
  27 orc warriors
  4 ice beasts
  A sky beast (D:7)
  5 ogres
  4 centaurs
  2 kobold brigands
  2 phantoms
  6 elf zombies (Ossuary)
  3 gnoll sergeants
  2 bullfrogs
  A scorpion (D:6)
  11 killer bees
  10 electric eels (D:8)
  4 jellies
  A howler monkey (D:4)
  3 centaur zombies (Ossuary)
  3 human zombies (Ossuary)
  18 orc priests
  6 hounds
  3 sleepcaps
  3 iguanas
  11 orc wizards
  3 mummies (Ossuary)
  7 adders
  15 gnolls
  A white imp (D:6)
  2 worms
  3 dart slugs
  58 orcs
  9 ball pythons
  11 endoplasms
  6 giant cockroaches
  9 hobgoblins
  2 jackals (D:1)
  2 quokkas
  A bat (D:1)
  3 frilled lizards
  11 goblins
  17 kobolds
  4 rats
332 creatures vanquished.

Vanquished Creatures (collateral kills)
  8 foxfires
8 creatures vanquished.

Vanquished Creatures (others)
  1192 foxfires
1192 creatures vanquished.

Grand Total: 1532 creatures vanquished

Notes
Turn   | Place    | Note
-------+----------+-------------------------------------------
     0 | D:1      | Essalna the Gargoyle Fire Elementalist began the quest for
                  | the Orb.
     0 | D:1      | Reached XP level 1. HP: 10/10 MP: 3/3
   215 | D:1      | Reached XP level 2. HP: 15/15 MP: 0/5
   431 | D:1      | You fall into a shaft and drop 1 floor!
   557 | D:2      | Reached skill level 2 in Conjurations
   557 | D:2      | Reached XP level 3. HP: 19/19 MP: 0/6
  1373 | D:1      | Reached XP level 4. HP: 13/24 MP: 4/8
  1376 | D:1      | Learned a level 2 spell: Scorch
  1721 | D:1      | Found Wyjeutz's Assorted Antiques.
  2250 | D:2      | Found Vevina's Book Emporium.
  2499 | D:3      | Found a shimmering altar of Xom.
  2764 | D:3      | Found a faded altar of an unknown god.
  3120 | D:3      | Reached skill level 3 in Conjurations
  3120 | D:3      | Reached XP level 5. HP: 28/28 MP: 3/9
  4289 | D:4      | Noticed a phantom
  4293 | D:4      | Killed a phantom
  4294 | D:4      | Reached XP level 6. HP: 32/32 MP: 2/11
  4739 | D:4      | Reached skill level 4 in Conjurations
  4896 | D:4      | Learned a level 4 spell: Flame Wave
  5081 | D:4      | Reached skill level 5 in Fire Magic
  5512 | D:5      | Entered Level 5 of the Dungeon
  5550 | D:5      | Reached XP level 7. HP: 36/36 MP: 9/13
  5720 | D:5      | Found a radiant altar of Vehumet.
  5726 | D:5      | Became a worshipper of Vehumet
  6082 | D:5      | Reached skill level 5 in Conjurations
  6280 | D:5      | Found a blossoming altar of Fedhas.
  6295 | D:5      | Reached skill level 1 in Fighting
  6295 | D:5      | Reached skill level 5 in Spellcasting
  6295 | D:5      | Reached XP level 8. HP: 43/43 MP: 10/15
  6734 | D:6      | Reached skill level 6 in Conjurations
  6748 | D:6      | Found a shimmering blue altar of Sif Muna.
  6765 | D:6      | Found a sand-covered staircase.
  6794 | Ossuary  | Entered an ossuary
  6884 | Ossuary  | Reached * piety under Vehumet
  6884 | Ossuary  | Offered knowledge of Kiss of Death by Vehumet.
  7084 | Ossuary  | Reached skill level 7 in Conjurations
  7253 | Ossuary  | Reached XP level 9. HP: 52/52 MP: 8/16
  7673 | D:6      | Found a hazy altar of Hepliaklqana.
  7896 | D:6      | Found a staircase to the Ecumenical Temple.
  8549 | D:7      | Identified the +1 sling "Efan" {antimagic, rPois rF- Dex+2}
  8707 | D:7      | Reached skill level 5 in Fighting
  8935 | D:7      | Noticed Menkaure
  8940 | D:7      | Killed Menkaure
  9171 | D:7      | Reached skill level 8 in Conjurations
  9602 | D:7      | Offered knowledge of Freeze by Vehumet.
  9872 | D:8      | Noticed Psyche
  9879 | D:8      | Killed Psyche
  9879 | D:8      | Reached ** piety under Vehumet
  9880 | D:8      | Reached XP level 10. HP: 47/61 MP: 4/17
 10076 | D:8      | Reached skill level 9 in Conjurations
 11733 | D:9      | Noticed a two-headed ogre
 11746 | D:8      | Killed a two-headed ogre
 11747 | D:8      | Reached skill level 1 in Armour
 11747 | D:8      | Reached skill level 10 in Conjurations
 11869 | D:8      | Learned a level 6 spell: Bombard
 11926 | D:9      | Found a staircase to the Orcish Mines.
 11936 | D:9      | Reached skill level 1 in Earth Magic
 11936 | D:9      | Reached XP level 11. HP: 63/69 MP: 10/18
 11936 | D:9      | Offered knowledge of Hailstorm by Vehumet.
 12160 | D:9      | Reached *** piety under Vehumet
 12345 | D:9      | Found a glowing silver altar of Zin.
 12352 | D:9      | Found a hide-covered altar of Uskayaw.
 12498 | D:9      | Found a bloodstained altar of Trog.
 12575 | D:10     | Entered Level 10 of the Dungeon
 12599 | D:10     | Reached skill level 10 in Fire Magic
 12686 | D:10     | Found the +5 Force Lance {heavy, knockback}
 12793 | D:10     | Found a stormy altar of Qazlal.
 12897 | D:10     | Noticed a death yak
 12956 | Orc:1    | Entered Level 1 of the Orcish Mines
 13022 | Orc:1    | Noticed an orc sorcerer
 13041 | Orc:1    | Offered knowledge of Fulminant Prism by Vehumet.
 13061 | Orc:1    | Noticed a sun demon
 13063 | Orc:1    | Noticed a soul eater
 13065 | Orc:1    | Killed an orc sorcerer
 13390 | Orc:2    | Entered Level 2 of the Orcish Mines
 13390 | Orc:2    | Noticed an orc sorcerer
 13395 | Orc:2    | Killed an orc sorcerer
 13791 | Orc:2    | Reached **** piety under Vehumet
 13810 | Orc:2    | Noticed an orc sorcerer
 13819 | Orc:2    | Killed an orc sorcerer
 13873 | Orc:2    | Offered knowledge of Frozen Ramparts by Vehumet.
 14022 | Orc:2    | Noticed an orc sorcerer
 14032 | Orc:2    | Killed an orc sorcerer
 14057 | Orc:2    | Reached skill level 11 in Conjurations
 14058 | Orc:2    | Noticed an orc high priest
 14166 | Orc:2    | Killed an orc high priest
 14424 | Orc:2    | Reached XP level 12. HP: 68/76 MP: 6/19
 14865 | Orc:2    | Found Wecoik's Assorted Antiques.
 14871 | Orc:2    | Bought a bloodstained scale mail for 171 gold pieces
 14871 | Orc:2    | Identified the +4 scale mail of Tomorrow {*Corrode +Inv
                  | Str+3 SInv} (You bought it in a shop on level 2 of the
                  | Orcish Mines)
 14892 | Orc:2    | Reached skill level 5 in Armour
 14893 | Orc:2    | Reached skill level 5 in Earth Magic
 15361 | Orc:2    | Found Mexiome's Jewellery Boutique.
 15369 | Orc:2    | Bought an amulet of regeneration for 360 gold pieces
 15369 | Orc:2    | Bought a ring of magical power for 240 gold pieces
 15471 | Orc:2    | Noticed Saint Roka
 15529 | Orc:1    | Killed from afar by Saint Roka

Illustrated notes

Levels and vault maps discovered:
D:1:      dpeg_arrival_circle_labyrinth_a, layout_basic, serial_shops,
          nicolae_lakefront_shop, minmay_octomino_j4
D:2:      layout_rooms, serial_shops, shop
D:3:      layout_basic, mainiacjoe_overflow_small_starburst,
          shapermc_ecumenical_altar_flowoftime, glass_columns_c
D:4:      layout_loops_corners
D:5:      layout_loops_ring, fedhas_altar_2, mainiacjoe_overflow_tiny_flanked,
          serial_bayou, serial_bayou_ford_a, serial_bayou_crossing,
          serial_bayou_pond_e, serial_bayou_pond_b
D:6:      layout_basic, marbit_many_paths, nzn_hepliaklqana_mist_gate,
          temple_green, lightli_ossuary_entry_decrepit_ruins
D:7:      layout_cave_pods, uniq_menkaure
D:8:      layout_layer_cave, serial_bayou, serial_bayou_pond_a,
          serial_bayou_lake_a, serial_bayou_pond_e, serial_bayou_lagoon_b,
          uniq_psyche
D:9:      layout_roguey, amethyst_overflow_temple_binary,
          mainiacjoe_overflow_alcove_2, erik_orc_4, kb_lookout_dungeons_type
D:10:     layout_irregular_city, grunt_qazlal_sundering, dpeg_lair_monsters
Orc:1:    layout_diamond_mine
Orc:2:    grunt_orc_community_town_hall, layout_caves,
          grunt_orc_community_big_house_2, grunt_orc_community_big_house_1,
          grunt_orc_community_house_2, grunt_orc_community_house_1,
          grunt_orc_community_house_3, grunt_orc_community_house_1,
          grunt_orc_community_house_2, grunt_orc_community_house_1,
          serial_shops, shop

Skill      XL: |  1  2  3  4  5  6  7  8  9 10 11 12 |
---------------+-------------------------------------+-----
Conjurations   | 2 3 4 5 7 8 10 11 | 11.3
Spellcasting   | 3 4 5 |  5.0
Fire Magic     | 4 5 7 8 9 10 | 10.7
Fighting       | 1 4 6 8 9 |  9.9
Armour         | 2 4 5 |  5.3
Dodging        | 2 4 |  4.4
Earth Magic    | 1 4 5 |  5.3
Stealth        | |  2.1

Action                     |  1- 3 |  4- 6 |  7- 9 | 10-12 || total
---------------------------+-------+-------+-------+-------++-------
  Melee: Unarmed           |    20 |       |       |       ||    20
         Dagger            |     4 |    23 |    39 |       ||    66
         Staff             |       |    48 |    46 |    14 ||   108
         Punch             |       |     2 |     1 |       ||     3
         Quarterstaff      |       |       |       |     4 ||     4
         Lance             |       |       |       |     7 ||     7
   Cast: Foxfire           |    72 |   135 |   197 |   292 ||   696
         Scorch            |       |     5 |    27 |    36 ||    68
         Flame Wave        |       |       |     5 |    43 ||    48
    Use: Scroll            |       |     6 |     7 |     4 ||    17
   Stab: Sleeping          |       |     1 |       |       ||     1
 Armour: Robe              |    18 |    47 |    21 |       ||    86
         Steam dragon scal |       |       |    64 |   101 ||   165
  Dodge: Dodged            |    15 |    50 |   120 |   109 ||   294

Table legend: (Time is in decaauts)
 A = Elapsed time spent in this place.
 B = Non-inter-level travel time spent in this place.
 C = Inter-level travel time spent in this place.
 D = Time resting spent in this place.
 E = Time spent auto-exploring this place.
 F = Levels seen in this place.
 G = Mean time per level.
                   A        B        C        D        E       F      G
               +--------+--------+--------+--------+--------+-----+--------+
         Total |  15617 |  15206 |    411 |    287 |  12757 |  13 | 1201.3 |
       Dungeon |  12479 |  12102 |    377 |      7 |  10686 |  10 | 1247.9 |
  Orcish Mines |   2577 |   2543 |     34 |    280 |   1656 |   2 | 1288.5 |
       Ossuary |    560 |    560 |      0 |      0 |    415 |   1 |  560.0 |
               +--------+--------+--------+--------+--------+-----+--------+

Top non-repeatable levels by time:
     D:8: 1934 daAuts
   Orc:2: 1851 daAuts
     D:1: 1615 daAuts
     D:4: 1580 daAuts
     D:3: 1518 daAuts
     D:7: 1401 daAuts
     D:6: 1237 daAuts
     D:5: 1230 daAuts
     D:2: 806 daAuts
     D:9: 785 daAuts
   Orc:1: 725 daAuts
 Ossuary: 560 daAuts
    D:10: 369 daAuts
